 Dungeon Sprint DCSS version bcrawl-1.15.1 (webtiles) character file.

Game seed: 8285860052382867026

3012 Chiseanne the Prestidigitator (level 9, -5/79 HPs)
             Began as a Demonspawn Archaeologist on Sept 29, 2019.
             Was an Initiate of Gozag.
             Splashed by an oklob plant's acid (13 damage)
             ... in the Dungeon (Sprint I: "Red Sonja").
             The game lasted 00:07:18 (1166 turns).

Chiseanne the Prestidigitator (DsAc)                Turns: 1166, Time: 00:07:18

Health: -5/79      AC:  4    Str: 21    XL:     9   Next: 55%
Magic:  27/27      EV: 25    Int: 15    God:    Gozag
Gold:   586        SH:  0    Dex: 20    Spells: 8/8 levels left

rFire    . . .     SeeInvis .   a - +3 mace "Jetohit" {crush, -Tele rN++ Stlth+} (curse)
rCold    . . .     Gourm    .   (no shield)
rNeg     + + +     Faith    .   b - +1 robe
rPois    .         Spirit   .   c - +1 hat
rElec    .         Reflect  .   (no cloak)
rCorr    .         Harm     .   (no gloves)
MR       .....     NoTele   +   f - +2 pair of boots of the Assassin {Detection Stab+ Stlth++}
Stlth    +++++++++.             (no amulet)
HPRegen  0.23/turn              d - ring "Fosijah" {rN+ MP+9 Str+4}
MPRegen  0.20/turn              (no ring)

@: mighty, agile, corroded
A: horns 2, powered by pain 2, spiny 2
a: Potion Petition, Call Merchant, Bribe Branch, Renounce Religion


You were in the Dungeon.
You worshipped Gozag.
Gozag was pleased with you.
You were not hungry.

You visited 1 branch You collected 1411 gold pieces.
You spent 825 gold pieces at shops.

Inventory:

Hand Weapons
 a - the cursed +3 mace "Jetohit" (weapon) {crush, -Tele rN++ Stlth+}
   (You bought it in a shop in the Dungeon)

   It inflicts extra damage upon your enemies.
   It greatly protects you from negative energy.
   It prevents most forms of teleportation.
   It makes you more stealthy.
   It has a curse placed upon it.
 q - a +0 hunting sling of velocity
 s - a +1 dagger of venom
 t - the cursed +1 mace of Imbalance {freeze, rElec SInv}
   (You bought it in a shop in the Dungeon)

   It has been specially enchanted to freeze those struck by it, causing extra
   injury to most foes and up to half again as much damage against particularly
   susceptible opponents.
   It can also slow down cold-blooded creatures.
   It insulates you from electricity.
   It lets you see invisible.
   It has a curse placed upon it.
Missiles
 e - 18 curare-tipped needles
 j - 266 arrows
 l - 357 stones (quivered)
 n - 188 sling bullets
Armour
 b - a +1 robe (worn)
 c - a +1 hat (worn)
 f - the +2 pair of boots of the Assassin (worn) {Detection Stab+ Stlth++}

   It makes you much more stealthy.
Jewellery
 d - the ring "Fosijah" (left hand) {rN+ MP+9 Str+4}
   (You bought it in a shop in the Dungeon)

   [ring of magical power]

   It affects your strength (+4).
   It protects you from negative energy.
   It affects your magic capacity (+9).
Wands
 o - a wand of polymorph (6)
Scrolls
 m - a scroll of blinking
Potions
 h - 4 potions of curing
 i - a potion of heal wounds
 k - 2 potions of magic
 p - a potion of ambrosia
Comestibles
 g - 2 rations {!d}


   Skills:
 * Level 10.4 Fighting
 - Level 0.8 Maces & Flails
 * Level 7.4 Armour
 * Level 9.9 Dodging
 - Level 10.0 Stealth
 - Level 12.2 Evocations


You had 8 spell levels left.
You didn't know any spells.
Your spell library was empty.

Dungeon Overview and Level Annotations

Branches:
Dungeon (1/1)

Altars:
Cheibriados
Dithmenos
Elyvilon
Fedhas
Gozag
Hepliaklqana
Kikubaaqudgha
Lugonu
Makhleb
Nemelex Xobeh
Okawaru
Qazlal
Ru
Sif Muna
Trog
Uskayaw
Vehumet
Wu Jian
Xom
Yredelemnul
Zin
The Shining One
Jiyva

Shops:
D =([

Annotations:
D exclusion: oklob plant


Innate Abilities, Weirdness & Mutations

You have a pair of horns on your head.
You sometimes gain power by taking damage.
You are mostly covered in sharp spines.


Message History

You headbutt the oklob plant, but do no damage.
The oklob plant is severely damaged.
You hit the oklob plant but do no damage.
You headbutt the oklob plant, but do no damage.
The oklob plant is severely damaged.
The oklob plant spits acid at you. The splash of acid hits you!
You focus on the pain.
You feel more agile all of a sudden.
You are splashed with acid!
You hit the oklob plant but do no damage.
You headbutt the oklob plant.
The oklob plant is severely damaged.
The oklob plant spits acid at you. The splash of acid hits you!
* * * LOW HITPOINT WARNING * * *
You focus on the pain.
You feel very mighty all of a sudden. The acid corrodes you!
You are splashed with acid!
You die...
Your body crumbles into a pile of gold.

###############
..#.['..#__#..+ {
$$ ..').#..'^.'..#
{ $
#'#####'#__####{ {{
$
..#...#.####|.####
{{ $ $
###..##.#§≈§.)#..#
$
__##'#_.+§§§..§§§#
$
)..'..._#§§≈§)#§§#
$$$
__##_.#'##§#####@#
__###'#.#....###P+$
#####.####'###.###$
...'...'.....'.∩#
$$
####.).########## $
$$ $ $ ###.### { $


$$$$$$$$$ {#.#'#.#{{ $ $$$$$$$$$ #.....# { $$ $$$$$$ {#.[.[.#{{{ $$$ You could
see an oklob plant.

Vanquished Creatures
  2 centaur warriors (D)
  Sonja (D)
  A moth of wrath (D)
  A hornet (D)
  A slime creature (D)
  A yak (D)
  Sigmund (D)
  An ogre (D)
  A jelly (D)
  Ijyb (D)
  7 ballistomycetes (D)
  A ballistomycete spore (D)
19 creatures vanquished.

Vanquished Creatures (others)
  A gargoyle (D)
  A ballistomycete spore (D)
2 creatures vanquished.

Grand Total: 21 creatures vanquished

Notes
Turn   | Place    | Note
-------+----------+-------------------------------------------
     0 | D        | Chiseanne the Demonspawn Archaeologist began the quest for
                  | the Orb.
     0 | D        | Reached XP level 1. HP: 15/15 MP: 1/1
     1 | D        | Noticed Ijyb
    20 | D        | Killed Ijyb
    20 | D        | Gained mutation: You sometimes gain a little power by
                  | taking damage. [demonic ancestry]
    20 | D        | Reached XP level 2. HP: 19/25 MP: 2/2
    95 | D        | Noticed an ogre
   100 | D        | Killed an ogre
   100 | D        | Gained mutation: You have a pair of small horns on your
                  | head. [demonic ancestry]
   100 | D        | Reached XP level 3. HP: 35/35 MP: 3/3
   100 | D        | Gained mutation: You sometimes gain power by taking damage.
                  | [demonic ancestry]
   100 | D        | Reached XP level 4. HP: 41/41 MP: 4/4
   145 | D        | Noticed Sigmund
   165 | D        | Killed Sigmund
   165 | D        | Reached skill level 10 in Stealth
   165 | D        | Reached XP level 5. HP: 41/47 MP: 5/5
   206 | D        | Found an ornate altar of the Wu Jian Council.
   206 | D        | Found a shimmering blue altar of Sif Muna.
   208 | D        | Found a radiant altar of Vehumet.
   214 | D        | Reached skill level 2 in Evocations
   214 | D        | Gained mutation: You are partially covered in sharp spines.
                  | [demonic ancestry]
   214 | D        | Reached XP level 6. HP: 53/53 MP: 5/8
   235 | D        | Found Yteu's Antique Weapon Emporium.
   235 | D        | Found an ancient bone altar of Kikubaaqudgha.
   235 | D        | Found a hazy altar of Hepliaklqana.
   235 | D        | Found a stormy altar of Qazlal.
   235 | D        | Found a hide-covered altar of Uskayaw.
   235 | D        | Found a blossoming altar of Fedhas.
   235 | D        | Found a bloodstained altar of Trog.
   235 | D        | Found an iron altar of Okawaru.
   235 | D        | Found a basalt altar of Yredelemnul.
   235 | D        | Found a glowing golden altar of the Shining One.
   235 | D        | Found a snail-covered altar of Cheibriados.
   235 | D        | Found a sacrificial altar of Ru.
   235 | D        | Found a glowing silver altar of Zin.
   235 | D        | Found a shadowy altar of Dithmenos.
   235 | D        | Found a white marble altar of Elyvilon.
   235 | D        | Noticed a yak
   236 | D        | Found an opulent altar of Gozag.
   241 | D        | Killed a yak
   241 | D        | Reached skill level 7 in Evocations
   242 | D        | Found a sparkling altar of Nemelex Xobeh.
   247 | D        | Became a worshipper of Gozag Ym Sagoz the Greedy
   267 | D        | Noticed Sonja
   271 | D        | Killed Sonja
   271 | D        | Reached skill level 12 in Evocations
   271 | D        | Gained mutation: You are mostly covered in sharp spines.
                  | [demonic ancestry]
   271 | D        | Reached XP level 7. HP: 59/59 MP: 11/16
   271 | D        | Gained mutation: You have a pair of horns on your head.
                  | [demonic ancestry]
   271 | D        | Reached XP level 8. HP: 65/65 MP: 11/17
   424 | D        | Bought a polished mace for 184 gold pieces
   424 | D        | Bought a transparent mace for 184 gold pieces
   426 | D        | Identified the cursed +3 mace "Jetohit" {crush, -Tele rN++
                  | Stlth+} (You bought it in a shop in the Dungeon)
   440 | D        | Noticed a centaur warrior
   551 | D        | Noticed a deep troll
   553 | D        | Noticed a moth of wrath
   553 | D        | a deep troll changed into a moth of wrath
   558 | D        | Killed a moth of wrath
   723 | D        | Identified the cursed +1 mace of Imbalance {freeze, rElec
                  | SInv} (You bought it in a shop in the Dungeon)
   728 | D        | Found Divoxol's Armour Emporium.
   749 | D        | Found Tuhyn's Jewellery Boutique.
   757 | D        | Bought the ring "Fosijah" {rN+ MP+9 Str+4} for 435 gold
                  | pieces
   757 | D        | Bought a cursed amulet of inaccuracy for 22 gold pieces
   777 | D        | Found a viscous altar of Jiyva.
   777 | D        | Found a corrupted altar of Lugonu.
   777 | D        | Noticed a slime creature
   778 | D        | Found a burning altar of Makhleb.
   778 | D        | Found a shimmering altar of Xom.
   782 | D        | Killed a slime creature
   810 | D        | Killed a gargoyle
   899 | D        | Noticed a centaur warrior
   910 | D        | Killed a centaur warrior
   910 | D        | Reached skill level 5 in Armour
   910 | D        | Reached XP level 9. HP: 33/76 MP: 18/18
   911 | D        | Killed a centaur warrior
   911 | D        | Reached skill level 10 in Fighting
  1158 | D        | Noticed an oklob plant
  1166 | D        | Splashed by an oklob plant's acid

Skill      XL: |  1  2  3  4  5  6  7  8  9 |
---------------+----------------------------+-----
Fighting       | 4 6 9 10 | 10.4
Dodging        | 4 6 9 |  9.9
Stealth        | 10 | 10.0
Evocations     | 2 12 | 12.2
Armour         | 5 7 |  7.4
Maces & Flails | |  0.8

Action                   |  1- 3 |  4- 6 |  7- 9 || total
-------------------------+-------+-------+-------++-------
Melee: Unarmed           |     9 |       |       ||     9
       Whip              |     1 |       |       ||     1
       Dagger            |     4 |    25 |    49 ||    78
       Headbutt          |       |     3 |    25 ||    28
       Mace              |       |       |    21 ||    21
Evoke: Wand              |       |       |     2 ||     2
  Use: Potion            |     1 |     1 |     1 ||     3
       Scroll            |       |       |     2 ||     2
 Stab: Confused          |     1 |       |       ||     1
       Sleeping          |       |     3 |     4 ||     7
  Eat: Ration            |       |       |     1 ||     1
Armor: Skin              |     2 |       |       ||     2
       Robe              |       |       |     6 ||     6
Dodge: Dodged            |     8 |    10 |    14 ||    32
